wizbiz, neutral female human Wizard ------ |..|.----- -------- ----- ---- |......^.| |...--.-----...---- --- ---- --- --..-- |...----.--- |.................-----.-- |..-- ---.| |....| |...| |...| |.---)....----.....--....--|...-- |...-- ---...###.--- ---.--- |.| ---.....--.............|....--- |....| |..>.-- |.| |...| |.| ---.........--..............| --.^.-- |.--.| |.| ---.--- |.| |.....--[.|-..............| --...-- |.||.| |.--- |...| |.| ---.----.--...............| |..--- |.||.| |...| ---.--|%| ---|...(.........---....-- |..| |.||.| |.|.--- |...|%| ---||.--....[..-- --....-- ---..---- |.||.---|.#...| ---.|.| |...|.|--......--- |.....| --.......| |.--...||.|--.#-- --...-- ---.--|.| .--......---.....------........| --...--.--.||)[..######(.....-- ----%..| |.|-- --..............--.|........-- |...--|....|--...--- |....dd|--..<.--- |.| |.........................-- |...| ---..| --....--- ---d..d@|.....| |.| --.....--..--.--..........| --.-- |...| |......-- --..----...-- -.| ---.(.|----------.......-- --- --..| |.......| ---- ----- .| ----- --......| ---- --.|.|.-- .| |.....-- ------- --- ---.--- --- wizbiz the Thaumaturge Experience level: 7 Strength: 12 Dexterity: 11 Constitution: 15 Intelligence: 18 Wisdom: 14 Charisma: 8 Health: 0(52) Energy: 14(76) Def: 5 Gold: 50 Moves: 4993 Dungeon seed: H-EkGd-VR2GUpZvo Game ID: wizbiz_1529552682 Your Inventory: Coins $ - 50 gold pieces Weapons h - a cursed -1 dagger v - a blessed +4 quarterstaff (weapon in hands) D - 5 cursed +0 daggers E - a +0 orcish dagger F - 6 +0 orcish arrows I - a blessed +1 orcish dagger Armor e - an uncursed +0 cloak of magic resistance (being worn) n - an uncursed +0 orcish helm (being worn) u - an uncursed +0 pair of jumping boots (being worn) z - an uncursed rusty +0 pair of gauntlets of power N - an uncursed +0 Hawaiian shirt (being worn) Y - an uncursed +0 leather armor (being worn) Comestibles M - 2 cursed food rations Rings c - an uncursed +2 ring of increase damage o - a cursed +1 ring of increase accuracy A - a cursed ring of stealth B - an uncursed ring of polymorph P - an uncursed ring of regeneration R - an uncursed ring of free action W - a cursed ring of fire resistance Wands b - a wand of undead turning (0:4) p - a wand of striking (0:0) x - a wand of sleep (0:7) y - a wand of light (0:15) H - a wand of make invisible (0:7) J - a wand of striking (0:8) V - a blessed wand of teleportation (0:4) Tools a - a cursed sack f - 8 cursed wax candles (0:400) i - a +0 pick-axe j - a magic flute (0:4) t - an uncursed magic whistle w - a bag of tricks (0:4) C - an uncursed tallow candle (0:200) G - a cursed tin whistle K - an uncursed oil lamp (0:1373) T - a cursed tallow candle (0:200) U - 2 uncursed wax candles (0:400) Contents of the sack: 2149 gold pieces 3 cursed scrolls of blank paper a cursed scroll of create monster a cursed scroll of earth a cursed scroll of identify an uncursed scroll of taming an uncursed scroll of teleportation a cursed scroll of teleportation 2 uncursed potions of blindness an uncursed potion of booze a cursed potion of booze an uncursed potion of confusion an uncursed potion of extra healing a blessed potion of fruit juice an uncursed potion of full healing 2 cursed potions of gain ability an uncursed potion of monster detection a cursed potion of monster detection an uncursed potion of object detection an uncursed potion of paralysis a blessed potion of see invisible an uncursed potion of sickness 3 cursed potions of sickness a cursed potion of sleeping a cursed potion of speed 2 uncursed potions of water an uncursed worthless piece of black glass a cursed worthless piece of black glass 2 uncursed worthless pieces of green glass a cursed worthless piece of green glass an uncursed worthless piece of orange glass 3 cursed worthless pieces of orange glass an uncursed worthless piece of red glass 2 cursed worthless pieces of red glass 2 cursed worthless pieces of violet glass an uncursed worthless piece of white glass 2 uncursed worthless pieces of yellowish brown glass Spells and supernatural/magical abilities: Name Level Category Fail Memory a - force bolt 1 attack 0% 76% k - knock 1 matter 0% 89% l - light 1 divination 0% 76% m - magic missile 2 attack 0% 90% n - detect monsters 1 divination 0% 88% p - protection 1 clerical 0% 93% r - remove curse 3 clerical 86% 88% w - wizard lock 2 matter 59% 90% x - extra healing 3 healing 86% 90% D - drain life 2 attack 0% 88% U - detect unseen 3 divination 86% 88% W - pray for help -- divine ? -- Y - supernatural jump -- ability ? -- Your skills at the end: Fighting Skills Weapon Skills quarterstaff [Basic] Spellcasting Skills attack spells [Basic] enchantment spells [Basic] Final Attributes: You were piously aligned. You were magic-protected. You were telepathic. You could jump. You are dead. Vanquished creatures: a ghost a large mimic a leprechaun a bugbear an imp 2 mountain nymphs a rock piercer a pony a yellow light a gnome lord 2 elf zombies a straw golem a paper golem 2 giant ants 2 floating eyes 2 kittens 3 dwarves a homunculus a kobold shaman 14 hill orcs 4 rothes 2 rabid rats a centipede 2 orc zombies 2 werejackals an iguana 2 killer bees an acid blob 6 coyotes 2 gas spores a large kobold 7 giant rats 4 cave spiders 2 green molds 4 gnomes 2 garter snakes 4 geckos 4 jackals a fox a kobold 6 goblins 6 lichens 2 kobold zombies 5 newts 112 creatures vanquished. Voluntary challenges: You used a wielded weapon 94 times, starting on turn 64. You read items or engraved 47 times, starting on turn 1814. You never genocided any monsters. You never polymorphed an object. You never changed form. You used no wishes. You never split a pudding. You never wrote Elbereth's name. You violated your moral code, losing 30 points of alignment, starting on turn 2904. Dungeon overview: The Dungeons of Doom: levels 1 to 5 Level 1 a long staircase Level 2 an armor shop Level 3 a bookstore, some fountains Level 4 a general store stairs to The Gnomish Mines Level 5 The Gnomish Mines: levels 5 to 6 Level 5 <- You were here stairs to The Dungeons of Doom Level 6 History has recorded: On T:1 you entered the Dungeons of Doom to retrieve the Amulet of Yendor! On T:213 you reached level 2 of The Dungeons of Doom. On T:295 you advanced to experience level 2. On T:423 you reached level 3 of The Dungeons of Doom. On T:840 you advanced to experience level 3. On T:907 you reached level 4 of The Dungeons of Doom. On T:1384 you reached level 5 of The Dungeons of Doom. On T:1515 you advanced to experience level 4. On T:1649 you reached level 1 of The Gnomish Mines. On T:1712 you advanced to experience level 5. On T:2277 you advanced to experience level 6. On T:3760 you reached level 2 of The Gnomish Mines. On T:4689 you advanced to experience level 7. Score breakdown: Gold: 2199 (11369 points) Experience: 7 levels (13645 points) Exploration: 6 levels ( 12.50%) ( 9784 points) Discoveries: 26 items ( 9.06%) ( 9029 points) Valuables value: (no points given unless you survive) Artifact value: 0 ( 0 points) Variety of kills: 44 monsters ( 11.55%) (10194 points) Turncount: 4993 turns (-1352 points) Survival: died (score multiplied by 80%) Total score: 42135 Latest messages: The giant rat bites! You kill the giant rat! You are now wielding your pick-axe. You start digging. You hit the rock with all your might. You make an opening in the wall. You start digging. You hit the rock with all your might. You stop digging. You continue digging. You stop digging. The wolf bites! You are now wielding your quarterstaff. The wolf bites! (2x) You hit the wolf! The wolf bites! (4x) The magic missile hits the wolf! (2x) The wolf bites! (4x) You die... Final status: Goodbye wizbiz the Wizard, killed by a wolf... You died in The Gnomish Mines on dungeon level 5 with 42135 points, and 2199 pieces of gold, after 4993 moves. You were level 7 with a maximum of 52 hit points when you died.